 Dungeon Sprint DCSS version 0.22-a0-515-g75794bf (webtiles) character file.

9083 Kidiri the Fighter (level 11, -7/96 HPs)
             Began as a Demonspawn Fighter on June 20, 2018.
             Was the Champion of Jiyva.
             Hit by a silver javelin thrown by a merfolk javelineer (11 damage)
             ... in the Dungeon (Sprint V: "Ziggurat Sprint").
             The game lasted 00:10:58 (535 turns).

Kidiri the Fighter (Demonspawn Fighter)              Turns: 535, Time: 00:10:58

Health: -7/96      AC: 31    Str: 25    XL:     11   Next: 18%
Magic:  11/11      EV: 22    Int:  9    God:    Jiyva [******]
Gold:   0          SH:  0    Dex: 23    Spells: 10/10 levels left

rFire    . . .     SeeInvis .   x - +11 plutonium sword {*Contam Stlth-}
rCold    . . .     Gourm    .   (shield currently unavailable)
rNeg     . . .     Faith    .   v - +15 Maxwell's patent armour {-Cast -Tele rElec MR+ rCorr}
rPois    .         Spirit   .   (helmet unavailable)
rElec    +         Reflect  .   (no cloak)
rCorr    +         Harm     .   I - +2 pair of gloves {Dex+3}
MR       +....     NoTele   +   (no boots) Stlth ..........NoCast +
                                (no amulet)
HPRegen  0.26/turn              a - +6 ring of dexterity
MPRegen  0.12/turn              y - +6 ring of strength

@: no status effects
A: horns 3, repulsion field 2, mutation resistance 1, spiny 2, acidic bite,
gelatinous body 3, pseudopods 3
a: Request Jelly, Slimify, Cure Bad Mutation, Renounce Religion


You were in the Dungeon.
You worshipped Jiyva.
Jiyva was exalted by your worship.
You were completely stuffed.

You visited 1 branch

Inventory:

Hand Weapons
 x - the +11 plutonium sword (weapon) {*Contam Stlth-}
   (You found it in the Dungeon)

   It causes magical contamination when unequipped.
   It makes you less stealthy.
Armour
 v - the +15 Maxwell's patent armour (worn) {-Cast -Tele rElec MR+ rCorr}
   (You found it in the Dungeon)

   It insulates you from electricity.
   It affects your resistance to hostile enchantments.
   It prevents spellcasting.
   It prevents most forms of teleportation.
   It protects you from acid and corrosion.
 I - a +2 pair of gloves of dexterity (worn)
 L - the +9 scales of the Dragon King {rPois rF+ rC+ MR+}
   (You found it in the Dungeon)

   It protects you from fire.
   It protects you from cold.
   It protects you from poison.
   It affects your resistance to hostile enchantments.
Jewellery
 a - a +6 ring of dexterity (left hand)
 b - a +6 ring of dexterity
 c - a +6 ring of intelligence
 o - an uncursed ring of protection from fire
 w - a +6 ring of intelligence
 y - a +6 ring of strength (right hand)
 z - a +6 ring of strength
 D - an uncursed ring of magical power
 E - an uncursed ring of see invisible
 G - the ring "Lepuvump" {Int+7 Dex+2}
   (You found it in the Dungeon)

   [ring of dexterity]

   It affects your intelligence (+7).
   It affects your dexterity (+2).
 H - a +4 ring of strength
 J - the ring of the Mage {Wiz MR++ Int+3}
   (You found it in the Dungeon)

   [ring of wizardry]

   It improves your spell success rate.
   It affects your intelligence (+3).
   It affects your resistance to hostile enchantments.
Wands
 A - a wand of disintegration (7)
 B - a wand of iceblast (7)
 C - a wand of acid (7)
Scrolls
 k - 4 scrolls of blinking
 q - 4 scrolls of amnesia
 r - 7 scrolls of fog
 s - 5 scrolls of identify
 t - 5 scrolls of remove curse
 u - 2 scrolls of fear
 K - a scroll of brand weapon
Potions
 d - 6 potions of might
 e - 9 potions of curing
 g - 6 potions of heal wounds
 h - 6 potions of haste
 i - 7 potions of magic
 j - a potion of berserk rage
 l - 2 potions of brilliance
 m - 2 potions of invisibility
 n - 4 potions of resistance
 p - 5 potions of agility
Comestibles
 f - 8 rations
 F - 4 chunks of flesh


   Skills:
 * Level 12.7 Fighting
 * Level 11.6 Long Blades
 + Level 7.8 Throwing
 * Level 11.8 Armour
 * Level 11.4 Dodging
 + Level 9.0 Stealth
   Level 2.6 Shields


You had 10 spell levels left.
You didn't know any spells.
Your spell library was empty.

Dungeon Overview and Level Annotations

Branches:
Dungeon (1/1)

Altars:
Ashenzari
Cheibriados
Dithmenos
Elyvilon
Fedhas
Gozag
Hepliaklqana
Kikubaaqudgha
Makhleb
Nemelex Xobeh
Okawaru
Qazlal
Ru
Sif Muna
Trog
Uskayaw
Vehumet
Wu Jian
Xom
Yredelemnul
Zin
The Shining One
Beogh
Jiyva
Lugonu

Annotations:
D 1 transporter


Innate Abilities, Weirdness & Mutations

You have a pair of large horns on your head.
You are surrounded by a moderate repulsion field. (EV +3)
You are mostly covered in sharp spines.
You are somewhat resistant to further mutation.
You have acidic saliva.
Your gelatinous body deflects attacks. (AC +3, EV +3)
Armour fits poorly on your massive pseudopods.


Message History

You feel a little less hungry.
You feel better.
You see here a silver javelin.
You slash the merfolk javelineer!
Your headbutt misses the merfolk javelineer.
Your bite misses the merfolk javelineer.
Your bludgeon misses the merfolk javelineer.
The merfolk javelineer is lightly wounded.
The merfolk javelineer throws a silver javelin.
The silver javelin hits you!
* * * LOW HITPOINT WARNING * * *
The silver sears you!
* * * LOW HITPOINT WARNING * * *
The merfolk javelineer completely misses you.
You hear a distant slurping noise.
You feel a little less hungry.
You feel better.
The merfolk javelineer throws a silver javelin.
The silver javelin hits you!
* * * LOW HITPOINT WARNING * * *
The silver sears you!
You die...

▓...†)....▓ ▓.........▓
▓.▓.....▓.▓ ▓....©....▓
▓▓▓▓▓▓▓▓▓▓▓▓▓▓▓▓▓▓▓▓▓▓▓
▓≈..8©8≈≈(▓...8©8...▓..
▓..|))≈:≈(▓.JG[.)...▓..
▓..[)))(≈≈▓..J......▓..
▓≈.≈..@..≈▓.....J...▓..
▓.≈.mm(...▓.........▓..
▓≈..)()≈.≈▓.........▓..
▓..≈)((...▓.J.J....J▓.)
▓..▓())▓..▓.........▓.▓
▓≈▓≈....▓.▓.▓.....▓.▓..
▓≈(≈.©≈.≈≈▓.J..©....▓▓▓
▓▓▓▓▓▓▓▓▓▓▓▓▓▓▓▓▓▓▓▓▓


You could see 2 merfolk javelineers.

Vanquished Creatures
  A merfolk avatar (D)
  A satyr (D)
  A dancing weapon (D)
  2 merfolk aquamancers (D)
  A deep elf knight (D)
  A sea snake (D)
  A deep elf archer (D)
  A harpy (D)
  A deep elf mage (D)
  2 ugly things (D)
  2 draconians (D)
  A water nymph (D)
  A guardian serpent (shapeshifter) (D)
  2 rime drakes (D)
  A merfolk (D)
  An air elemental (D)
  3 neqoxecs (D)
  A fire elemental (D)
  A steam dragon (D)
  A sky beast (D)
  2 phantoms (D)
  4 necrophages (D)
  3 wights (D)
  2 crimson imps (D)
  3 orc priests (D)
  An orc wizard (D)
  A shadow imp (D)
  2 white imps (D)
  2 adder zombies (D)
  An adder skeleton (D)
  A bat skeleton (D)
  A bat zombie (D)
  2 ball python zombies (D)
  A giant cockroach zombie (D)
  A jackal zombie (D)
  2 leopard gecko zombies (D)
  3 quokka zombies (D)
58 creatures vanquished.

Vanquished Creatures (collateral kills)
  A merfolk aquamancer (D)
  A deep elf knight (D)
  A deep elf mage (D)
3 creatures vanquished.

Vanquished Creatures (others)
  6 jellies (D)
6 creatures vanquished.

Grand Total: 67 creatures vanquished

Notes
Turn   | Place    | Note
-------+----------+-------------------------------------------
     0 | D        | Found the +6 Majin-Bo {vamp, Archmagi MP+6 Int+6}
     0 | D        | Found the +7 great mace "Firestarter" {inner flame, rF++}
     0 | D        | Kidiri the Demonspawn Fighter began the quest for the Orb.
     0 | D        | Reached XP level 1. HP: 18/18 MP: 1/1
     0 | D        | Found a deep blue altar of Sif Muna.
     0 | D        | Found a bloodstained altar of Trog.
     0 | D        | Found a sacrificial altar of Ru.
     0 | D        | Found a stormy altar of Qazlal.
     0 | D        | Found an iron altar of Okawaru.
     1 | D        | Found a sparkling altar of Nemelex Xobeh.
     1 | D        | Found a blossoming altar of Fedhas.
     3 | D        | Found a transporter.
     3 | D        | Found an ancient bone altar of Kikubaaqudgha.
     3 | D        | Found a viscous altar of Jiyva.
     3 | D        | Found a corrupted altar of Lugonu.
     3 | D        | Found a hazy altar of Hepliaklqana.
     3 | D        | Found a burning altar of Makhleb.
     3 | D        | Found an opulent altar of Gozag.
    14 | D        | Found the +9 heavy crossbow "Sniper" {velocity, Acc+∞ SInv}
    14 | D        | Found the +10 dark maul {crush}
    14 | D        | Found the +15 Maxwell's patent armour {-Cast -Tele rElec MR+ rCorr}
    14 | D        | Found the +18 shield of the Gong {rElec rN+ MR+ EV-5}
    14 | D        | Found the cursed +14 obsidian axe {chop, +Fly SInv *Curse}
    16 | D        | Found the +6 shillelagh "Devastator" {shatter}
    16 | D        | Found the +11 plutonium sword {*Contam Stlth-}
    16 | D        | Found the +8 lance "Wyrmbane" {slay drac, rPois rF+ rC+ AC+3}
    16 | D        | Found the +9 sword of Zonguldrok {reap}
    16 | D        | Found the cursed +13 scythe of Curses {drain, *Curse}
    16 | D        | Found the +0 sword of Power
    16 | D        | Found the +6 mace of Variability {chaos}
    16 | D        | Found the +7 Singing Sword
    16 | D        | Found the +7 longbow "Piercer" {penet, EV-2}
   219 | D        | Became a worshipper of Jiyva Joxtizuc the Shapeless
   220 | D        | Reached skill level 4 in Fighting
   220 | D        | Gained mutation: You have a pair of small horns on your head. [demonic ancestry]
   220 | D        | Reached XP level 2. HP: 26/26 MP: 2/2
   223 | D        | Reached * piety under Jiyva
   223 | D        | Reached ** piety under Jiyva
   223 | D        | Reached *** piety under Jiyva
   223 | D        | Gained mutation: Your mind is acute. (Int +2) [Jiyva's grace]
   223 | D        | Reached **** piety under Jiyva
   223 | D        | Reached ***** piety under Jiyva
   223 | D        | Gained mutation: You are agile. (Dex +2) [Jiyva's grace]
   226 | D        | Gained mutation: You are robust. (+10% HP) [Jiyva's grace]
   226 | D        | Reached ****** piety under Jiyva
   226 | D        | Lost mutation: You are robust. (+10% HP) [Jiyva's grace]
   226 | D        | Gained mutation: Armour fits poorly on your pseudopods. [Jiyva's grace]
   226 | D        | Gained mutation: Your spells are a little harder to cast, but a little more powerful. [Jiyva's grace]
   227 | D        | Entered arena 2.
   227 | D        | Noticed a draconian
   227 | D        | Noticed a draconian
   227 | D        | Gained mutation: Your spells are harder to cast, but more powerful. [Jiyva's grace]
   227 | D        | Lost mutation: Armour fits poorly on your pseudopods. [Jiyva's grace]
   227 | D        | Lost mutation: You are agile. (Dex +2) [Jiyva's grace]
   227 | D        | Found a transporter.
   228 | D        | Gained mutation: You are resistant to hostile enchantments. (MR+) [Jiyva's grace]
   229 | D        | Gained mutation: You are covered in slimy tendrils that may disarm your opponents. [Jiyva's grace]
   229 | D        | Lost mutation: Your spells are harder to cast, but more powerful. [Jiyva's grace]
   232 | D        | Gained mutation: You have a pair of horns on your head. [Jiyva's grace]
   233 | D        | Killed a draconian
   233 | D        | Reached skill level 7 in Fighting
   233 | D        | Reached skill level 5 in Dodging
   233 | D        | Reached XP level 3. HP: 36/36 MP: 3/3
   233 | D        | Gained mutation: You are partially covered in sharp spines. [demonic ancestry]
   233 | D        | Reached XP level 4. HP: 43/43 MP: 4/4
   233 | D        | Mutation became permanent: You have a pair of small horns on your head. [demonic ancestry]
   233 | D        | Gained mutation: You have a pair of horns on your head. [demonic ancestry]
   233 | D        | Reached XP level 5. HP: 48/48 MP: 5/5
   233 | D        | Gained mutation: You are surrounded by a mild repulsion field. (EV +2) [demonic ancestry]
   233 | D        | Reached XP level 6. HP: 55/55 MP: 6/6
   235 | D        | Lost mutation: Your mind is acute. (Int +2) [Jiyva's grace]
   237 | D        | Killed a draconian
   237 | D        | Reached skill level 8 in Fighting
   237 | D        | Reached skill level 5 in Stealth
   237 | D        | Gained mutation: You are mostly covered in sharp spines. [demonic ancestry]
   237 | D        | Reached XP level 7. HP: 62/62 MP: 7/7
   238 | D        | Gained mutation: Your rubbery body absorbs attacks. (AC +1, EV +1) [Jiyva's grace]
   238 | D        | Lost mutation: You are covered in slimy tendrils that may disarm your opponents. [Jiyva's grace]
   238 | D        | Lost mutation: Your rubbery body absorbs attacks. (AC +1, EV +1) [Jiyva's grace]
   242 | D        | Lost mutation: Your spells are a little harder to cast, but a little more powerful. [Jiyva's grace]
   247 | D        | Gained mutation: You expend magic power (3 MP) to strengthen your wands. [Jiyva's grace]
   250 | D        | Entered arena 3.
   250 | D        | Found a transporter.
   251 | D        | Lost mutation: You expend magic power (3 MP) to strengthen your wands. [Jiyva's grace]
   251 | D        | Lost mutation: You are resistant to hostile enchantments. (MR+) [Jiyva's grace]
   251 | D        | Gained mutation: Your body has grown golden eyes which may confuse attackers. (Acc +3) [Jiyva's grace]
   252 | D        | Gained mutation: Your mind is acute. (Int +2) [Jiyva's grace]
   252 | D        | Gained mutation: You evolve. [Jiyva's grace]
   252 | D        | Lost mutation: Your mind is acute. (Int +2) [Jiyva's grace]
   252 | D        | Gained mutation: Your magical capacity is low. (-10% MP) [Jiyva's grace]
   252 | D        | Gained mutation: You are surrounded by a moderate repulsion field. (EV +3) [Jiyva's grace]
   252 | D        | Gained mutation: You have sharp toenails. [Jiyva's grace]
   252 | D        | Gained mutation: Your flesh is cold resistant. (rC+) [Jiyva's grace]
   252 | D        | Lost mutation: Your magical capacity is low. (-10% MP) [Jiyva's grace]
   252 | D        | Lost mutation: You evolve. [Jiyva's grace]
   253 | D        | Gained mutation: You have an increased reservoir of magic. (+10% MP) [Jiyva's grace]
   253 | D        | Gained mutation: You have a pair of large horns on your head. [Jiyva's grace]
   253 | D        | Gained mutation: You are resistant to electric shocks. (rElec) [Jiyva's grace]
   255 | D        | Gained mutation: You have acidic saliva. [Jiyva's grace]
   257 | D        | Gained mutation: You are agile. (Dex +2) [Jiyva's grace]
   259 | D        | Gained mutation: You are resistant to hostile enchantments. (MR+) [Jiyva's grace]
   260 | D        | Gained mutation: Your muscles are strong. (Str +2) [Jiyva's grace]
   261 | D        | Entered arena 4.
   261 | D        | Noticed a steam dragon
   261 | D        | Noticed a rime drake
   261 | D        | Noticed a rime drake
   261 | D        | Found a transporter.
   262 | D        | Gained mutation: Your translucent skin slightly reduces your foes' accuracy. (Stealth) [Jiyva's grace]
   264 | D        | Killed a steam dragon
   264 | D        | Reached XP level 8. HP: 69/69 MP: 8/8
   266 | D        | Gained mutation: Your body has grown many golden eyes which may confuse attackers. (Acc +5) [Jiyva's grace]
   267 | D        | Killed a rime drake
   267 | D        | Reached skill level 9 in Fighting
   267 | D        | Lost mutation: Your translucent skin slightly reduces your foes' accuracy. (Stealth) [Jiyva's grace]
   270 | D        | Gained mutation: You have a small jelly attached to you that senses nearby items. [Jiyva's grace]
   270 | D        | Gained mutation: You evolve. [Jiyva's grace]
   274 | D        | Killed a rime drake
   274 | D        | Reached skill level 5 in Throwing
   274 | D        | Lost mutation: You have a pair of large horns on your head. [Jiyva's grace]
   281 | D        | Lost mutation: You are resistant to hostile enchantments. (MR+) [Jiyva's grace]
   287 | D        | Lost mutation: Your muscles are strong. (Str +2) [Jiyva's grace]
   291 | D        | Entered arena 5.
   291 | D        | Lost mutation: You have acidic saliva. [Jiyva's grace]
   291 | D        | Found a transporter.
   293 | D        | Lost mutation: You have an increased reservoir of magic. (+10% MP) [Jiyva's grace]
   294 | D        | Lost mutation: You have a small jelly attached to you that senses nearby items. [Jiyva's grace]
   295 | D        | Gained mutation: You are covered in slimy tendrils that may disarm your opponents. [Jiyva's grace]
   296 | D        | Gained mutation: Your muscles are strong. (Str +2) [Jiyva's grace]
   303 | D        | Gained mutation: Your rubbery body absorbs attacks. (AC +1, EV +1) [Jiyva's grace]
   305 | D        | Got the ring "Lepuvump" {Int+7 Dex+2}
   306 | D        | Lost mutation: You are resistant to electric shocks. (rElec) [Jiyva's grace]
   312 | D        | Gained mutation: You are very agile. (Dex +4) [Jiyva's grace]
   317 | D        | Entered arena 6.
   317 | D        | Found a transporter.
   318 | D        | Gained mutation: Your pliable body absorbs attacks. (AC +2, EV +2) [Jiyva's grace]
   318 | D        | Gained mutation: Your spells are a little harder to cast, but a little more powerful. [Jiyva's grace]
   321 | D        | Gained mutation: Your muscles are very strong. (Str +4) [Jiyva's grace]
   323 | D        | Lost mutation: Your spells are a little harder to cast, but a little more powerful. [Jiyva's grace]
   327 | D        | Gained mutation: You have a pair of large horns on your head. [demonic ancestry]
   327 | D        | Reached XP level 9. HP: 78/78 MP: 9/9
   327 | D        | Gained mutation: You expend magic power (3 MP) to strengthen your wands. [Jiyva's grace]
   334 | D        | Entered arena 7.
   334 | D        | Noticed a green ugly thing
   334 | D        | Noticed a shining eye
   334 | D        | Noticed a cyan ugly thing
   334 | D        | Noticed a guardian serpent
   334 | D        | Lost mutation: Your muscles are very strong. (Str +4) [Jiyva's grace]
   334 | D        | Lost mutation: You are surrounded by a moderate repulsion field. (EV +3) [Jiyva's grace]
   334 | D        | Lost mutation: Your muscles are strong. (Str +2) [Jiyva's grace]
   335 | D        | Found a transporter.
   336 | D        | Gained mutation: Your muscles are strong. (Str +2) [Jiyva's grace]
   336 | D        | Gained mutation: You are frail. (-10% HP) [Jiyva's grace]
   337 | D        | Lost mutation: You are very agile. (Dex +4) [Jiyva's grace]
   339 | D        | Lost mutation: Your muscles are strong. (Str +2) [Jiyva's grace]
   339 | D        | Gained mutation: Your gelatinous body deflects attacks. (AC +3, EV +3) [Jiyva's grace]
   340 | D        | Gained mutation: You are weak. (Str -2) [a neqoxec]
   340 | D        | Gained mutation: Armour fits poorly on your strangely shaped body. [a neqoxec]
   340 | D        | Lost mutation: Armour fits poorly on your strangely shaped body. [Jiyva's grace]
   341 | D        | Lost mutation: You expend magic power (3 MP) to strengthen your wands. [Jiyva's grace]
   342 | D        | Reached skill level 10 in Fighting
   342 | D        | Lost mutation: You are frail. (-10% HP) [Jiyva's grace]
   345 | D        | Killed a guardian serpent
   345 | D        | Lost mutation: Your gelatinous body deflects attacks. (AC +3, EV +3) [Jiyva's grace]
   347 | D        | Lost mutation: Your body has grown many golden eyes which may confuse attackers. (Acc +5) [Jiyva's grace]
   349 | D        | Gained mutation: Your magical capacity is low. (-10% MP) [Jiyva's grace]
   350 | D        | Killed a red ugly thing
   352 | D        | Lost mutation: Your pliable body absorbs attacks. (AC +2, EV +2) [Jiyva's grace]
   353 | D        | Killed a green ugly thing
   356 | D        | Lost mutation: You are agile. (Dex +2) [Jiyva's grace]
   358 | D        | Gained mutation: You have a small jelly attached to you that senses nearby items. [Jiyva's grace]
   360 | D        | Gained mutation: Your mind is acute. (Int +2) [Jiyva's grace]
   363 | D        | Lost mutation: You are weak. (Str -2) [Jiyva's power]
   364 | D        | Lost mutation: Your magical capacity is low. (-10% MP) [Jiyva's power]
   368 | D        | Entered arena 8.
   368 | D        | Gained mutation: Your system is resistant to poisons. (rPois) [Jiyva's grace]
   368 | D        | Gained mutation: Potions are less effective at restoring your health. [a neqoxec]
   369 | D        | Found a transporter.
   371 | D        | Gained mutation: You have sharp fingernails. [Jiyva's grace]
   374 | D        | Reached skill level 10 in Armour
   375 | D        | Lost mutation: You have sharp fingernails. [Jiyva's grace]
   381 | D        | Gained mutation: You have an increased reservoir of magic. (+10% MP) [Jiyva's grace]
   384 | D        | Lost mutation: Potions are less effective at restoring your health. [Jiyva's power]
   385 | D        | Gained mutation: You are robust. (+10% HP) [Jiyva's grace]
   388 | D        | Gained mutation: Your flesh is very cold resistant. (rC++) [Jiyva's grace]
   389 | D        | Entered arena 9.
   390 | D        | Found a transporter.
   391 | D        | Lost mutation: You have an increased reservoir of magic. (+10% MP) [Jiyva's grace]
   391 | D        | Gained mutation: Armour fits poorly on your pseudopods. [Jiyva's grace]
   391 | D        | Gained mutation: You have very sharp teeth. [Jiyva's grace]
   391 | D        | Lost mutation: You evolve. [Jiyva's grace]
   391 | D        | Lost mutation: Your mind is acute. (Int +2) [Jiyva's grace]
   392 | D        | Lost mutation: Your system is resistant to poisons. (rPois) [Jiyva's grace]
   393 | D        | Gained mutation: Armour fits poorly on your large pseudopods. [Jiyva's grace]
   396 | D        | Gained mutation: You possess an exceptional clarity of mind. [Jiyva's grace]
   396 | D        | Lost mutation: You are robust. (+10% HP) [Jiyva's grace]
   397 | D        | Gained mutation: Your pliable body absorbs attacks. (AC +2, EV +2) [Jiyva's grace]
   403 | D        | Gained mutation: You evolve. [Jiyva's grace]
   411 | D        | Entered arena 10.
   411 | D        | Gained mutation: Your flesh is heat resistant. (rF+) [Jiyva's grace]
   412 | D        | Found the ring of the Mage {Wiz MR++ Int+3}
   412 | D        | Found a transporter.
   412 | D        | Lost mutation: Your pliable body absorbs attacks. (AC +2, EV +2) [Jiyva's grace]
   413 | D        | Lost mutation: You evolve. [Jiyva's grace]
   413 | D        | Gained mutation: You have sharp fingernails. [Jiyva's grace]
   414 | D        | Lost mutation: You possess an exceptional clarity of mind. [Jiyva's grace]
   416 | D        | Lost mutation: You have sharp toenails. [Jiyva's grace]
   418 | D        | Gained mutation: You have an increased reservoir of magic. (+10% MP) [Jiyva's grace]
   418 | D        | Gained mutation: Armour fits poorly on your massive pseudopods. [Jiyva's grace]
   419 | D        | Lost mutation: Your body has grown golden eyes which may confuse attackers. (Acc +3) [Jiyva's grace]
   419 | D        | Lost mutation: You have sharp fingernails. [Jiyva's grace]
   420 | D        | Reached skill level 11 in Fighting
   421 | D        | Gained mutation: You have supernaturally acute eyesight. (SInv) [Jiyva's grace]
   421 | D        | Lost mutation: Your flesh is heat resistant. (rF+) [Jiyva's grace]
   423 | D        | Gained mutation: Your muscles are strong. (Str +2) [Jiyva's grace]
   423 | D        | Lost mutation: Armour fits poorly on your massive pseudopods. [Jiyva's grace]
   423 | D        | Gained mutation: You have acidic saliva. [Jiyva's grace]
   423 | D        | Gained mutation: Your skin changes colour to match your surroundings (Stealth+). [Jiyva's grace]
   423 | D        | Gained mutation: Your spells are a little harder to cast, but a little more powerful. [Jiyva's grace]
   424 | D        | Lost mutation: You have very sharp teeth. [Jiyva's grace]
   424 | D        | Lost mutation: You have acidic saliva. [Jiyva's grace]
   424 | D        | Gained mutation: You are resistant to hostile enchantments. (MR+) [Jiyva's grace]
   424 | D        | Gained mutation: You have a small jelly attached to you that may absorb incoming projectiles. [Jiyva's grace]
   425 | D        | Lost mutation: You have supernaturally acute eyesight. (SInv) [Jiyva's grace]
   425 | D        | Lost mutation: You are resistant to hostile enchantments. (MR+) [Jiyva's grace]
   429 | D        | Gained mutation: You are resistant to electric shocks. (rElec) [Jiyva's grace]
   429 | D        | Gained mutation: Your muscles are very strong. (Str +4) [Jiyva's grace]
   429 | D        | Lost mutation: You are resistant to electric shocks. (rElec) [Jiyva's grace]
   429 | D        | Gained mutation: Your spells are harder to cast, but more powerful. [Jiyva's grace]
   429 | D        | Gained mutation: Your pliable body absorbs attacks. (AC +2, EV +2) [Jiyva's grace]
   429 | D        | Lost mutation: Your muscles are very strong. (Str +4) [Jiyva's grace]
   430 | D        | Lost mutation: You have a small jelly attached to you that senses nearby items. [Jiyva's grace]
   430 | D        | Gained mutation: Your body has grown golden eyes which may confuse attackers. (Acc +3) [Jiyva's grace]
   432 | D        | Entered arena 11.
   432 | D        | Noticed a deep elf mage
   432 | D        | Noticed a deep elf archer
   432 | D        | Noticed a guardian serpent
   432 | D        | Noticed a deep elf knight
   432 | D        | Noticed a deep elf knight
   432 | D        | Noticed a deep elf mage
   432 | D        | a guardian serpent changed into an eye of draining
   433 | D        | Found a transporter.
   433 | D        | Noticed a scimitar of draining
   434 | D        | Reached skill level 10 in Long Blades
   434 | D        | Gained mutation: You are surrounded by a moderate repulsion field. (EV +3) [demonic ancestry]
   434 | D        | Reached XP level 10. HP: 87/87 MP: 11/11
   434 | D        | Lost mutation: Your spells are harder to cast, but more powerful. [Jiyva's grace]
   436 | D        | Killed a deep elf archer
   436 | D        | Lost mutation: Your spells are a little harder to cast, but a little more powerful. [Jiyva's grace]
   436 | D        | Gained mutation: You have sharp toenails. [Jiyva's grace]
   437 | D        | Killed a deep elf knight
   437 | D        | Reached skill level 10 in Dodging
   438 | D        | Killed a deep elf mage
   439 | D        | Gained mutation: Armour fits poorly on your massive pseudopods. [Jiyva's grace]
   440 | D        | Lost mutation: You have sharp toenails. [Jiyva's grace]
   441 | D        | Killed a deep elf mage
   442 | D        | Killed a deep elf knight
   444 | D        | Killed a scimitar of draining
   444 | D        | Lost mutation: Your muscles are strong. (Str +2) [Jiyva's grace]
   447 | D        | Lost mutation: Your skin changes colour to match your surroundings (Stealth+). [Jiyva's grace]
   447 | D        | Gained mutation: Your translucent skin slightly reduces your foes' accuracy. (Stealth) [Jiyva's grace]
   448 | D        | Lost mutation: Your body has grown golden eyes which may confuse attackers. (Acc +3) [Jiyva's grace]
   453 | D        | Lost mutation: You have an increased reservoir of magic. (+10% MP) [Jiyva's grace]
   458 | D        | Lost mutation: Your flesh is very cold resistant. (rC++) [Jiyva's grace]
   460 | D        | Noticed a harpy
   460 | D        | a wind drake changed into a harpy
   461 | D        | a harpy changed into something unseen
   462 | D        | Lost mutation: Armour fits poorly on your massive pseudopods. [Jiyva's grace]
   463 | D        | Lost mutation: You have a small jelly attached to you that may absorb incoming projectiles. [Jiyva's grace]
   464 | D        | Gained mutation: You are somewhat resistant to further mutation. [Jiyva's grace]
   464 | D        | Lost mutation: You are covered in slimy tendrils that may disarm your opponents. [Jiyva's grace]
   467 | D        | Gained mutation: You are resistant to electric shocks. (rElec) [Jiyva's grace]
   467 | D        | Lost mutation: You are resistant to electric shocks. (rElec) [Jiyva's grace]
   468 | D        | Gained mutation: Your spells are a little harder to cast, but a little more powerful. [Jiyva's grace]
   470 | D        | Gained mutation: You have sharp toenails. [Jiyva's grace]
   472 | D        | Entered arena 12.
   472 | D        | Gained mutation: You do not regenerate when monsters are visible. [Jiyva's grace]
   472 | D        | Lost mutation: Your translucent skin slightly reduces your foes' accuracy. (Stealth) [Jiyva's grace]
   472 | D        | Gained mutation: Potions are less effective at restoring your health. [Jiyva's grace]
   472 | D        | Noticed a death ooze
   473 | D        | Found the +9 scales of the Dragon King {rPois rF+ rC+ MR+}
   473 | D        | Noticed a great orb of eyes
   473 | D        | Gained mutation: You are agile. (Dex +2) [Jiyva's grace]
   473 | D        | Lost mutation: You are agile. (Dex +2) [Jiyva's grace]
   473 | D        | Gained mutation: You have acidic saliva. [Jiyva's grace]
   473 | D        | Lost mutation: You do not regenerate when monsters are visible. [Jiyva's grace]
   474 | D        | Found a transporter.
   474 | D        | Lost mutation: Potions are less effective at restoring your health. [Jiyva's grace]
   475 | D        | Lost mutation: Your spells are a little harder to cast, but a little more powerful. [Jiyva's grace]
   475 | D        | Lost mutation: You are somewhat resistant to further mutation. [Jiyva's grace]
   476 | D        | Gained mutation: Armour fits poorly on your massive pseudopods. [Jiyva's grace]
   489 | D        | Lost mutation: Your flesh is cold resistant. (rC+) [Jiyva's grace]
   492 | D        | Lost mutation: You have sharp toenails. [Jiyva's grace]
   500 | D        | Gained mutation: You are somewhat resistant to further mutation. [Jiyva's grace]
   505 | D        | Entered arena 13.
   505 | D        | Noticed a merfolk javelineer
   505 | D        | Noticed a sea snake
   505 | D        | Noticed a merfolk avatar
   505 | D        | Noticed a satyr
   505 | D        | Noticed a merfolk aquamancer
   505 | D        | Noticed a merfolk javelineer
   505 | D        | Noticed a water nymph
   506 | D        | Found the +8 glaive of the Guard {elec, +Rage AC+5 SInv}
   506 | D        | Noticed a merfolk aquamancer
   506 | D        | Noticed a harpy
   506 | D        | Noticed a merfolk aquamancer
   508 | D        | Killed a water nymph
   509 | D        | Found a transporter.
   509 | D        | Killed a harpy
   510 | D        | Lost mutation: Your pliable body absorbs attacks. (AC +2, EV +2) [Jiyva's grace]
   512 | D        | Killed a merfolk aquamancer
   512 | D        | Reached skill level 12 in Fighting
   515 | D        | Killed a sea snake
   515 | D        | Gained mutation: Your pliable body absorbs attacks. (AC +2, EV +2) [Jiyva's grace]
   518 | D        | Killed a merfolk aquamancer
   522 | D        | Killed a merfolk aquamancer
   522 | D        | Reached XP level 11. HP: 52/96 MP: 11/11
   527 | D        | Killed a satyr
   529 | D        | Gained mutation: Your gelatinous body deflects attacks. (AC +3, EV +3) [Jiyva's grace]
   533 | D        | Killed a merfolk avatar
   535 | D        | HP: 4/96 [merfolk javelineer/silver javelin (15)]
   535 | D        | Hit by a silver javelin thrown by a merfolk javelineer

Vault maps used:
D:        sprint_v

Skill      XL: |  1  2  3  4  5  6  7  8  9 10 11 |
---------------+----------------------------------+-----
Fighting       | 4 7 8 9 11 12 | 12.7
Long Blades    | 3 6 7 8 10 11 | 11.6
Armour         | 4 6 7 9 10 11 | 11.8
Dodging        | 2 5 6 7 8 9 11 | 11.4
Stealth        | 2 4 5 6 7 8 9 |  9.0
Throwing       | 3 4 5 6 7 |  7.8
Shields        | |  2.6

Action                   |  1- 3 |  4- 6 |  7- 9 | 10-12 || total
-------------------------+-------+-------+-------+-------++-------
Melee: Triple sword      |     5 |     4 |    50 |    28 ||    87
       Headbutt          |     2 |     1 |    15 |     8 ||    26
       Kick              |       |       |    25 |     2 ||    27
       Bite              |       |       |     2 |     3 ||     5
       Pseudopods        |       |       |     2 |     6 ||     8
Invok: Request Jelly     |       |       |     7 |     1 ||     8
       Cure Bad Mutation |       |       |     5 |       ||     5
  Use: Potion            |     2 |       |       |     6 ||     8
 Stab: Confused          |       |       |     4 |       ||     4
Armor: Plate armour      |     5 |       |    36 |    51 ||    92
Dodge: Dodged            |     2 |     2 |    63 |    58 ||   125
       Rpst.: Triple sword |     1 |       |    19 |     6 ||    26

Table legend:
 A = Spawn XP
 B = Non-spawn XP
 C = Spawn XP percentage of total XP
 D = Spawn monster count
 E = Non-spawn monster count
 F = Spawn count percentage of total count
 G = Total turns spent on level
                    A         B        C        D         E        F      G
               +---------+---------+-------+---------+---------+-------+---------
         Total |       0 |   12965 |   0.0 |       0 |      61 |   0.0 |   535
               +---------+---------+-------+---------+---------+-------+---------
             D |       0 |   12965 |   0.0 |       0 |      61 |   0.0 |   535
               +---------+---------+-------+---------+---------+-------+---------
